 Dungeon Crawl Stone Soup version 0.31-a0-182-gc5ef74bbde (webtiles) character file.

Game seed: 6162155255823104348

415 qw the Chopper (level 6, 0/38 HPs)
             Began as a Gargoyle Fighter on June 21, 2023.
             Was an Initiate of Okawaru.
             Slain by an orc warrior
             ... wielding a +0 dire flail
              (7 damage)
             ... on level 5 of the Dungeon.
             The game lasted 00:01:35 (3189 turns).

qw the Chopper (Gargoyle Fighter)                   Turns: 3189, Time: 00:01:35

Health: 0/38       AC: 17    Str: 20 (21) XL:     6   Next: 91%
Magic:  6/6        EV:  7    Int:  8 (9)  God:    Okawaru [......]
Gold:   165        SH:  4    Dex:  9      Spells: 5/5 levels left

rFire   . . .        Y - +0 war axe
rCold   . . .        c - +0 buckler
rNeg    + . .        h - +2 chain mail {Will+}
rPois   inf          n - +0 helmet
rElec   +            m - scarf {repulsion}
rCorr   .            g - +0 pair of gloves
SInv    +            (no boots)
Will    +....        (no amulet) Stlth
                     l - ring of see invisible
HPRegen 0.26/turn    (no ring)
MPRegen 0.10/turn

%: repel missiles
@: about to teleport
A: sickness immunity, AC +4, negative energy resistance 1, electricity
resistance, torment resistance 1, petrification resistance
a: Renounce Religion


You were on level 5 of the Dungeon.
You worshipped Okawaru.
Okawaru was noncommittal.
You visited 1 branch of the dungeon, and saw 5 of its levels.

You collected 165 gold pieces.


Innate Abilities, Weirdness & Mutations

You are immune to sickness and miasma.
Your stone body is resilient. (AC +4)
You are immune to poison.
You resist negative energy. (rN+)
You are resistant to electric shocks. (rElec)
You are resistant to unholy torment.
You are immune to petrification.


   Skills:
 - Level 4.0 Fighting
 + Level 5.8 Axes
 - Level 1.3 Throwing
 - Level 3.2 Armour
 - Level 0.6 Dodging
 - Level 3.2 Shields


You had 5 spell levels left.
You didn't know any spells.
Your spell library was empty.

Inventory:

Hand Weapons
 k - a +0 flail
 Y - a +0 war axe (weapon)
Missiles
 b - a boomerang
Armour
 c - a +0 buckler (worn)
 g - a +0 pair of gloves (worn)
 h - a +2 chain mail of willpower (worn)
 i - a +0 kite shield
 m - a scarf of repulsion (worn)
 n - a +0 helmet (worn)
Jewellery
 l - a ring of see invisible (left hand)
Scrolls
 j - a scroll of teleportation
 o - a scroll of identify
Potions
 a - a potion of mutation {unknown}
 d - a potion of might
 e - a potion of heal wounds {unknown}
 f - a potion of curing {unknown}
 q - a potion of magic {unknown}

Dungeon Overview and Level Annotations

Branches:
Dungeon (5/15)
 Temple: D:4-7

Altars:
Elyvilon
Okawaru

Shops:
D:2 :


Message History

You hit the iguana but do no damage.
The iguana is heavily wounded.
You hit the orc warrior but do no damage.
The iguana bites you but does no damage.
The orc warrior barely misses you.
You slash the iguana!
You kill the iguana!
Okawaru accepts your kill.
You slash the water moccasin! You barely miss the orc warrior.
The water moccasin barely misses you.
The orc warrior hits you with a +0 dire flail!
The water moccasin bites you but does no damage.
You miss the water moccasin.
The water moccasin is moderately wounded.
You hit the orc warrior.
The water moccasin bites you but does no damage.
The orc warrior hits you with a +0 dire flail!
The water moccasin bites you but does no damage.
You block the orc warrior's attack.
You hit the water moccasin.
The water moccasin is moderately wounded.
You hit the orc warrior but do no damage.
The water moccasin bites you but does no damage.
The orc warrior closely misses you.
The water moccasin bites you but does no damage.
You barely miss the water moccasin.
The water moccasin is moderately wounded.
You completely miss the orc warrior. The water moccasin bites you.
The orc warrior barely misses you.
3188 ||| READING 2 scrolls of teleportation.
As you read the scroll of teleportation, it crumbles to dust.
You feel strangely unstable.
The water moccasin bites you but does no damage.
The orc warrior hits you but does no damage.
The water moccasin bites you but does no damage.
You hit the water moccasin.
The water moccasin is heavily wounded.
You closely miss the orc warrior.
The orc warrior hits you with a +0 dire flail!
You die...

.....### .......# #......
#.....#### ##########
##.....#..# .........
#......#..####.S......
.#......##.#.#.@......(
..[^......#.#...o.....}
........##.#.#........(
........#..####.......(
#..#....#..# ......... ##
#....####################
##............##.#......#
#............##.......##
#................#....#


You could see an orc warrior and a water moccasin.

Vanquished Creatures
  A phantom (D:4)
  A hound (D:3)
  2 orc priests
  2 iguanas
  A sleepcap (D:5)
  4 gnolls (D:4)
  5 adders
  2 worms
  2 dart slugs
  4 orcs
  7 endoplasms
  4 giant cockroaches
  3 goblins
  8 hobgoblins
  6 jackals
  4 quokkas
  6 ball pythons
  5 bats
  4 frilled lizards
  8 kobolds
  7 rats
86 creatures vanquished.

Notes
Turn   | Place    | Note
-------+----------+-------------------------------------------
     0 | D:1      | qw the Gargoyle Fighter began the quest for the Orb.
     0 | D:1      | Reached XP level 1. HP: 14/14 MP: 1/1
     0 | D:1      | 0 ||| qw: Version: 0.3-a-9-g12657ce
     0 | D:1      | 0 ||| qw: Game counter: 1528
     0 | D:1      | 0 ||| qw: Always use a shield: true
     0 | D:1      | 0 ||| qw: God list: Okawaru
     0 | D:1      | 0 ||| qw: Allow faded altars: false
     0 | D:1      | 0 ||| qw: Do Orc after D:15 true
     0 | D:1      | 0 ||| qw: Do second Lair branch before Depths: true
     0 | D:1      | 0 ||| qw: Lair rune preference: random
     0 | D:1      | 0 ||| qw: Plans: Normal, Zot:1-4, Slime:5, God:TSO, Crypt,
                  | Tomb, Abyss, Pan, Hells, Win
     0 | D:1      | 0 ||| PLANNING D:1-11
    31 | D:1      | Reached skill level 2 in Axes
   299 | D:1      | Reached XP level 2. HP: 15/19 MP: 2/2
   315 | D:1      | 315 ||| Stepping ~*~*~tactically~*~*~ (stealth).
   316 | D:1      | 316 ||| Stepping ~*~*~tactically~*~*~ (stealth).
   543 | D:1      | 543 ||| UPGRADING to +0 pair of gloves.
   548 | D:1      | 548 ||| DROPPING scarf of shadows.
   549 | D:1      | 549 ||| READING scroll labelled HAERUGA FEEGG.
   650 | D:1      | 650 ||| READING scroll labelled MUORPH TEOSOO.
   651 | D:1      | 651 ||| READING scroll labelled ENEOMN CUURED.
   676 | D:2      | Reached skill level 3 in Axes
   681 | D:2      | Reached XP level 3. HP: 22/23 MP: 3/3
   697 | D:2      | 697 ||| Stepping ~*~*~tactically~*~*~ (stealth).
   698 | D:2      | 698 ||| Stepping ~*~*~tactically~*~*~ (stealth).
   699 | D:2      | 699 ||| Stepping ~*~*~tactically~*~*~ (stealth).
   830 | D:2      | Found a faded altar of an unknown god.
   987 | D:2      | Found Lulats's Book Emporium.
  1037 | D:2      | 1037 ||| READING scroll labelled SOH DYLETRORU.
  1060 | D:3      | 1060 ||| STAIRDANCE
  1068 | D:2      | Reached XP level 4. HP: 26/28 MP: 4/4
  1198 | D:3      | Reached skill level 4 in Axes
  1241 | D:3      | 1241 ||| Stepping ~*~*~tactically~*~*~ (stealth).
  1241 | D:3      | Found a white marble altar of Elyvilon.
  1455 | D:3      | Found an iron altar of Okawaru.
  1456 | D:3      | 1456 ||| PLANNING OKAWARU WORSHIP
  1456 | D:3      | 1456 ||| READING scroll labelled RETEVI WOPUAPA.
  1457 | D:3      | 1457 ||| DRINKING 2 golden potions.
  1458 | D:3      | 1458 ||| DROPPING potion of brilliance.
  1464 | D:3      | Became a worshipper of Warmaster Okawaru
  1465 | D:3      | 1465 ||| PLANNING D:1-11
  1747 | D:3      | 1747 ||| UPGRADING to ring of see invisible.
  1775 | D:4      | 1775 ||| STAIRDANCE
  1783 | D:3      | Reached skill level 1 in Throwing
  1783 | D:3      | Reached XP level 5. HP: 27/32 MP: 5/5
  1874 | D:4      | Noticed a phantom
  1882 | D:4      | Killed a phantom
  1883 | D:4      | Reached skill level 5 in Axes
  2079 | D:4      | Reached XP level 6. HP: 37/38 MP: 6/6
  2140 | D:4      | 2140 ||| Stepping ~*~*~tactically~*~*~ (hiding).
  2450 | D:4      | 2450 ||| FLEEEEING.
  2450 | D:4      | HP: 6/38 [orc priest/divine providence (10)]
  2451 | D:4      | 2451 ||| FLEEEEING.
  2452 | D:4      | 2452 ||| FLEEEEING.
  2453 | D:4      | 2453 ||| FLEEEEING.
  2454 | D:4      | 2454 ||| FLEEEEING.
  2456 | D:4      | 2456 ||| FLEEEEING.
  2458 | D:4      | 2458 ||| FLEEEEING.
  2459 | D:4      | 2459 ||| FLEEEEING.
  2460 | D:4      | 2460 ||| FLEEEEING.
  2461 | D:4      | 2461 ||| FLEEEEING.
  2462 | D:4      | 2462 ||| FLEEEEING.
  2463 | D:4      | 2463 ||| STAIRDANCE
  2571 | D:3      | 2571 ||| DROPPING +0 club.
  2572 | D:3      | 2572 ||| UPGRADING to scarf of repulsion.
  2577 | D:3      | 2577 ||| UPGRADING to +0 helmet.
  2582 | D:3      | 2582 ||| DRINKING 2 puce potions.
  2583 | D:3      | 2583 ||| DROPPING potion of degeneration.
  2586 | D:4      | 2586 ||| STAIRDANCE
  2643 | D:3      | 2643 ||| UPGRADING to +2 chain mail of willpower.
  2653 | D:3      | 2653 ||| DROPPING +0 scale mail.
  2657 | D:4      | 2657 ||| STAIRDANCE
  2690 | D:4      | 2690 ||| STAIRDANCE
  3054 | D:4      | 3054 ||| READING scroll labelled XUCYHU ZOERAA.
  3076 | D:5      | Entered Level 5 of the Dungeon
  3120 | D:5      | 3120 ||| Stepping ~*~*~tactically~*~*~ (hiding).
  3177 | D:5      | Noticed an orc warrior
  3180 | D:5      | Noticed a water moccasin
  3187 | D:5      | HP: 7/38 [water moccasin (6)]
  3188 | D:5      | 3188 ||| READING 2 scrolls of teleportation.
  3189 | D:5      | Slain by an orc warrior

Levels and vault maps discovered:
D:1:      ldierk_walled_garden_2, layout_basic
D:2:      layout_rooms, basic_ecumenical_altar, serial_shops,
          nicolae_book_shop_shelving
D:3:      layout_loops_ring, mainiacjoe_overflow_alcove_2,
          mainiacjoe_overflow_small_starburst
D:4:      layout_gridville
D:5:      layout_cave_pools, minmay_temple_entry_from_below_b,
          ebering_ghost_rock_garden, serial_shops, shop, wad_rectangle_vault

Skill      XL: |  1  2  3  4  5  6 |
---------------+-------------------+-----
Axes           | 2 3 4 5 |  5.8
Throwing       | 1 |  1.3
Fighting       | 4 |  4.0
Armour         | |  3.2
Dodging        | |  0.6
Shields        | |  3.2

Action                     |  1- 3 |  4- 6 || total
---------------------------+-------+-------++-------
  Melee: War axe           |   103 |   139 ||   242
  Throw: Javelin           |       |    28 ||    28
    Use: Scroll            |     4 |     3 ||     7
         Potion            |       |     2 ||     2
 Armour: Scale mail        |    70 |    47 ||   117
         Chain mail        |       |    35 ||    35
  Dodge: Dodged            |    73 |    66 ||   139
  Block: Buckler           |    26 |    14 ||    40

Table legend:
 A = Non-vault XP
 B = Vault XP
 C = Vault XP percentage of total XP
 D = Non-vault monster count
 E = Vault monster count
 F = Vault count percentage of total count
                 A         B        C        D         E       F
            +---------+---------+-------+---------+---------+-------
      Total |     539 |      54 |   9.1 |      83 |       3 |   3.5
            +---------+---------+-------+---------+---------+-------
        D:1 |      29 |       0 |   0.0 |      19 |       0 |   0.0
        D:2 |      51 |       0 |   0.0 |      20 |       0 |   0.0
        D:3 |     157 |       0 |   0.0 |      23 |       0 |   0.0
        D:4 |     262 |       0 |   0.0 |      19 |       0 |   0.0
        D:5 |      40 |      54 |  57.4 |       2 |       3 |  60.0
            +---------+---------+-------+---------+---------+-------
